Map: Gresvan LE

Players

ShaDoWn - Winner!

  • Race: Protoss Protoss
  • Spawn Location: 5:00

NightMare

  • Race: Protoss Protoss
  • Spawn Location: 11:00

Event: ESL SC2 Masters 2023 Summer (Finals)

VOD

Have the link to the VOD?

Description

Time

  • Played on: June 16, 2023, 9:10 a.m.
  • Length: 10:38

All games in this series

Show
View Real Time Build Order
Export as new Build Order

ShaDoWn Protoss - Winner!

Build Orders:  

Get SALT Encoding   

  12  0:00  Probe  
  13  0:12  Probe  
  14  0:17  Pylon  
  14  0:24  Probe  
  15  0:35  Gateway  
  15  0:37  Probe (Chrono Boost)  
  16  0:46  Probe (Chrono Boost), Assimilator  
  17  0:51  Probe (Chrono Boost)  
  17  0:54  Assimilator  
  18  1:03  Probe (Chrono Boost)  
  19  1:07  Gateway  
  19  1:13  Probe (Chrono Boost)  
  19  1:18  Probe (Chrono Boost)  
  20  1:23  Cybernetics Core  
  21  1:29  Probe  
  22  1:34  Pylon  
  22  1:41  Probe  
  23  2:00  Robotics Facility  
  23  2:01  Warp Gate, Stalker  
  26  2:09  Stalker  
  26  2:12  Probe  
  28  2:22  Pylon  
  28  2:32  Stalker  
  30  2:44  Immortal (Chrono Boost)  
  33  2:52  Stalker  
  35  3:12  Warp Prism (Chrono Boost)  
  35  3:16  Pylon  
  37  3:42  Immortal  
  41  3:50  Sentry  
  44  4:05  Nexus  
  44  4:07  Probe  
  44  4:12  Pylon  
  44  4:19  Probe  
  44  4:21  Observer  
  45  4:26  Sentry  
  45  4:31  Probe  
  46  4:42  Sentry  
  46  4:43  Probe  
  49  4:47  Pylon  
  49  4:57  Shield Battery  
  49  5:03  Observer  
  49  5:05  Probe  
  50  5:11  Pylon  
  50  5:13  Sentry  
  52  5:14  Adept  
  52  5:17  Probe  
  52  5:20  Probe (Chrono Boost)  
  56  5:27  Twilight Council  
  56  5:32  Probe (Chrono Boost)  
  56  5:34  Probe (Chrono Boost)  
  58  5:40  Stalker  
  58  5:41  Probe (Chrono Boost)  
  61  5:43  Probe (Chrono Boost)  
  62  5:52  Probe x2 (Chrono Boost), Stalker  
  65  5:57  Probe (Chrono Boost)  
  65  5:58  Blink (Chrono Boost)  
  65  5:59  Probe (Chrono Boost)  
  65  6:03  Pylon  
  67  6:07  Probe  
  67  6:11  Probe  
  69  6:15  Stalker  
  71  6:19  Probe  
  71  6:20  Stalker  
  71  6:24  Probe  
  75  6:27  Robotics Facility  
  75  6:31  Probe  
  76  6:36  Probe  
  77  6:42  Stalker  
  77  6:43  Probe  
  77  6:45  Stalker  
  77  6:46  Pylon  
  82  6:59  Pylon  
  82  7:03  Probe  
  83  7:10  Probe  
  83  7:15  Nexus  
  84  7:16  Stalker x2  
  88  7:29  Probe, Assimilator  
  89  7:30  Pylon  
  89  7:38  Gateway  
  89  7:39  Gateway  
  89  7:40  Stalker x2  
  93  7:49  Probe  
  94  7:53  Probe  
  94  7:57  Gateway  
  95  7:59  Observer  
  95  8:00  Gateway  
  95  8:01  Probe  
  95  8:03  Stalker x2  
  95  8:05  Probe  
  102  8:13  Probe  
  102  8:17  Probe  
  104  8:25  Probe  
  104  8:26  Stalker x2  
  109  8:27  Probe  
  109  8:33  Stalker  
  112  8:39  Stalker  
  114  8:42  Pylon  
  114  8:50  Stalker x2  
  114  8:54  Stalker  
  120  8:58  Pylon, Stalker x2  
  120  9:01  Probe  
  125  9:04  Probe  
  125  9:06  Stalker  
  128  9:10  Pylon, Forge  
  128  9:16  Stalker x2  
  132  9:17  Stalker  
  132  9:23  Zealot x2  
  132  9:24  Assimilator  
  138  9:30  Probe  
  139  9:34  Probe  
  117  9:42  Stalker x4  
  117  9:44  Probe  
  104  9:55  Stalker x2  
  100  10:05  Stalker x2  
  100  10:06  Zealot x2  
  98  10:21  Pylon  
  94  10:30  Stalker x4  
  94  10:32  Zealot x2  
Show
View Real Time Build Order
Export as new Build Order

NightMare Protoss 

Build Orders:  

Get SALT Encoding   

  12  0:00  Probe  
  13  0:12  Probe  
  14  0:18  Pylon  
  14  0:24  Probe (Chrono Boost)  
  15  0:36  Probe (Chrono Boost)  
  15  0:39  Gateway  
  16  0:45  Probe (Chrono Boost)  
  16  0:46  Assimilator  
  17  0:51  Probe  
  18  0:57  Assimilator  
  18  1:03  Probe (Chrono Boost)  
  19  1:08  Gateway  
  19  1:14  Probe (Chrono Boost)  
  20  1:19  Probe (Chrono Boost)  
  21  1:27  Cybernetics Core  
  21  1:29  Probe  
  22  1:35  Pylon  
  22  1:41  Probe  
  23  1:53  Probe  
  24  2:04  Warp Gate, Stalker, Sentry  
  28  2:12  Pylon  
  28  2:27  Stalker  
  30  2:34  Stalker  
  32  2:48  Robotics Facility  
  32  3:01  Shield Battery  
  32  3:03  Pylon  
  32  3:05  Stalker x2  
  34  3:11  Pylon  
  36  3:30  Gateway  
  36  3:33  Immortal (Chrono Boost)  
  39  3:52  Adept x2  
  43  4:01  Probe  
  43  4:04  Warp Prism (Chrono Boost)  
  45  4:13  Probe  
  46  4:29  Stalker x2  
  48  4:34  Stalker  
  46  5:06  Probe  
  47  5:11  Observer  
  48  5:18  Probe  
  49  5:21  Nexus  
  49  5:30  Probe (Chrono Boost)  
  50  5:37  Shield Battery  
  50  5:40  Probe (Chrono Boost)  
  51  5:45  Probe (Chrono Boost)  
  51  5:46  Twilight Council  
  52  5:57  Probe  
  53  6:02  Adept  
  55  6:05  Pylon  
  55  6:23  Probe, Blink  
  55  6:24  Adept  
  55  6:25  Sentry x2  
  62  6:34  Probe  
  62  6:35  Probe (Chrono Boost)  
  64  6:46  Probe (Chrono Boost)  
  65  6:47  Probe (Chrono Boost)  
  65  6:51  Immortal  
  70  6:55  Probe (Chrono Boost)  
  70  6:58  Probe (Chrono Boost)  
  70  7:00  Probe (Chrono Boost)  
  67  7:08  Probe  
  67  7:12  Probe  
  67  7:17  Observer, Stalker  
  67  7:18  Stalker  
  67  7:21  Probe (Chrono Boost)  
  72  7:24  Probe (Chrono Boost)  
  73  7:32  Pylon  
  73  7:36  Probe (Chrono Boost)  
  75  7:39  Probe (Chrono Boost), Nexus, Observer  
  73  7:45  Probe x2 (Chrono Boost)  
  73  7:48  Stalker  
  71  7:54  Stalker x2  
  71  7:57  Probe  
  76  8:01  Shield Battery  
  76  8:04  Immortal (Chrono Boost)  
  76  8:10  Probe x2  
  76  8:11  Observer  
  82  8:13  Assimilator  
  82  8:19  Sentry  
  84  8:23  Stalker  
  86  8:30  Pylon  
  86  8:35  Pylon  
  86  8:36  Gateway  
  86  8:45  Immortal (Chrono Boost)  
  90  8:51  Pylon  
  90  8:52  Probe x2  
  90  8:53  Probe  
  90  8:54  Stalker  
  95  9:04  Adept x2  
  95  9:06  Probe x3  
  102  9:12  Gateway  
  102  9:15  Shield Battery  
  102  9:20  Stalker  
  102  9:21  Probe x3  
  107  9:28  Gateway  
  105  9:37  Stalker x3  
  84  9:49  Stalker  
  72  9:58  Probe x3  
  62  10:01  Stalker  
  62  10:02  Stalker  
  62  10:03  Zealot  
  55  10:08  Stalker  
  55  10:10  Probe  
  55  10:11  Probe  
  43  10:32  Stalker x3  
Tags
 
Add a new tag
Caveats
  • Supply blocks, unpowered buildings, or Contaminate may cause inaccurate times.
  • Supply counts are checked every 10 seconds.